 Dungeon Crawl Stone Soup version 0.29.0-5-ge4962eb29e (webtiles) character file.

Game seed: 5439998003906397790

3808 mtoz the Cleaver (level 9, -1/123 HPs)
             Began as a Minotaur Berserker on Aug 28, 2022.
             Was a Priest of Trog.
             Slain by a troll (4 damage)
             ... on level 7 of the Dungeon on Aug 29, 2022.
             The game lasted 00:20:50 (6505 turns).

mtoz the Cleaver (Minotaur Berserker)               Turns: 6505, Time: 00:20:51

Health: -1/123     AC: 19    Str: 25    XL:     9   Next: 96%
Magic:  8/8        EV:  9    Int:  4    God:    Trog [***...]
Gold:   388        SH:  0    Dex: 11    Spells: 8/8 levels left

rFire   . . .      SeeInvis .   i - +2 war axe (vorpal)
rCold   . . .      Faith    .   (no shield)
rNeg    . . .      Spirit   .   t - +0 plate armour
rPois   .          Reflect  .   (helmet restricted)
rElec   .          Harm     .   (no cloak)
rCorr   .          Rampage  .   K - +1 pair of gloves
Will    +++..                   (no boots)
Stlth   ..........              b - amulet of the acrobat
HPRegen 1.30/turn               I - +4 ring of protection
MPRegen 0.11/turn               m - ring of willpower

@: berserking, about to teleport, strong-willed, regenerating, studying
Fighting, very quick
A: horns 2, retaliatory headbutt
a: Renounce Religion, Berserk, Trog's Hand


You were on level 7 of the Dungeon.
You worshipped Trog.
Trog was most pleased with you.
You visited 1 branch of the dungeon, and saw 7 of its levels.

You collected 388 gold pieces.

Inventory:

Hand Weapons
 i - a +2 vorpal war axe (weapon)
 q - the +11 mace "Embalmer" {spect, Drain rPois rC++ Will+}
   (You found it on level 5 of the Dungeon)

   When its wielder attacks, the weapon's spirit leaps out and strikes again.
   The spirit shares a part of any damage it takes with its wielder.
   rC:        It greatly protects you from cold.
   rPois:     It protects you from poison.
   Drain:     It drains your maximum health when unequipped.
   Will:      It increases your willpower.
Armour
 t - a +0 plate armour (worn)
 K - a +1 pair of gloves (worn)
Jewellery
 b - an amulet of the acrobat (around neck)
 c - an amulet of reflection
 f - a ring of fire
 h - a +4 ring of protection
 m - a ring of willpower (right hand)
 w - a ring of protection from fire
 A - a ring of resist corrosion
 I - a +4 ring of protection (left hand)
Wands
 l - a wand of charming (12)
 G - a wand of flame (23)
Scrolls
 d - a scroll of teleportation
 j - a scroll of enchant armour {unknown}
 k - a scroll of torment {unknown}
 x - a scroll of enchant weapon
 y - a scroll of fear {unknown}
 D - a scroll of blinking {unknown}
 E - a scroll of magic mapping {unknown}
Potions
 e - 6 potions of curing
 g - 3 potions of mutation
 C - 2 potions of lignification
 H - 2 potions of might
 J - 2 potions of attraction


   Skills:
 + Level 8.6 Fighting
 * Level 10.7 Axes
 + Level 7.8 Armour
 + Level 7.1 Dodging
 + Level 3.8 Evocations


You had 8 spell levels left.
You didn't know any spells.
Your spell library was empty.

Dungeon Overview and Level Annotations

Branches:
Dungeon (7/15)             Temple (0/1) D:4

Altars:
Elyvilon
Makhleb
Nemelex Xobeh
Okawaru
Uskayaw
Wu Jian

Shops:
D:1 ?   D:6 (


Innate Abilities, Weirdness & Mutations

You have a pair of horns on your head.
You reflexively headbutt those who attack you in melee.


Message History

A gnoll sergeant comes into view.
It is wielding the +6 dagger of Hospitality {holy, Int+2}.
A gargoyle comes into view. It is wielding a +0 flail.
You are too injured to fight recklessly!
A manticore comes into view.
Something hits you but does no damage. Something hits you!
The gargoyle hurls a stone arrow at you.
The stone arrow hits you!
* * * LOW HITPOINT WARNING * * *
Okay, then.
As you read the scroll of fog, it crumbles to dust.
The scroll dissolves into smoke.
Something hits you.
* * * LOW HITPOINT WARNING * * *
Something completely misses you. Something completely misses you.
Reactivating autopickup.
The gargoyle completely misses you.
As you read the scroll of teleportation, it crumbles to dust.
You feel strangely unstable. The manticore completely misses you.
The manticore claws you but does no damage. x2
The gargoyle hurls a stone arrow at you.
The stone arrow hits you.
* * * LOW HITPOINT WARNING * * *
As you read the scroll of summoning, it crumbles to dust.
Wisps of shadow whirl around you... The troll barely misses you.
The troll claws you but does no damage. The troll claws you!
* * * LOW HITPOINT WARNING * * *
The manticore bites you but does no damage.
The manticore claws you.
* * * LOW HITPOINT WARNING * * *
The manticore claws you but does no damage.
The gargoyle hurls a stone arrow at you.
The stone arrow misses you.
A red film seems to cover your vision as you go berserk!
You feel yourself moving faster!
You feel mighty!
The gargoyle hurls a stone arrow at you.
The stone arrow hits you.
* * * LOW HITPOINT WARNING * * *
The troll bites you.
You die...

#.# ## .###..####)).## #.#
##.##.#.###..###..# #.#
..#...#.###..)...##.# # #.+
........+?....#.....+ #.#
.}=|.g.g#.##......### ######.#.
##ยง#..###..###.#
#......##.#######g###...####..##
#.####..##..#o#9T##.##.......##
#.# ##..##..oH@##...##....)##
#.# ##..###5###.....###'###..#
#.# ##...........#.........# #.#
##.........########..... #.#
#.######.## .#### #.# #.### #.#
# #.# #...####.# #.# #....)...#
#.# #####.....##.#


You could see a manticore (ally target), a troll (ally target), a gargoyle, a
gnoll sergeant, a friendly white imp (summoned) and 2 friendly orcs.

Vanquished Creatures
  A two-headed ogre (D:7)
  A troll (D:7)
  A hornet (D:7)
  Sigmund (D:2)
  A steam dragon (D:6)
  A wyvern (D:7)
  Menkaure (D:6)
  3 water moccasins (D:7)
  An orc warrior (D:4)
  3 sky beasts (D:7)
  A black bear (D:6)
  An ogre (D:7)
  2 kobold brigands (D:7)
  A phantom (D:7)
  A necrophage (D:6)
  A bullfrog (D:7)
  A scorpion (D:6)
  3 wights
  6 killer bees (D:7)
  A howler monkey (D:7)
  2 hounds
  2 jellies (D:7)
  2 orc priests (D:6)
  An orc wizard (D:5)
  5 iguanas
  7 gnolls
  3 adders
  3 white imps
  An ufetubus (D:6)
  4 worms
  A dart slug (D:1)
  22 orcs
  3 ball pythons
  6 endoplasms
  5 giant cockroaches
  5 goblins
  2 hobgoblins
  4 quokkas
  3 bats
  4 kobolds
  3 rats
120 creatures vanquished.

Vanquished Creatures (others)
  An unseen horror (D:7)
1 creature vanquished.

Grand Total: 121 creatures vanquished

Notes
Turn   | Place    | Note
-------+----------+-------------------------------------------
     0 | D:1      | mtoz the Minotaur Berserker began the quest for the Orb.
     0 | D:1      | Reached XP level 1. HP: 19/19 MP: 0/0
    74 | D:1      | Found Giucury's Magic Scroll Shoppe.
   148 | D:1      | Reached XP level 2. HP: 26/27 MP: 1/1
   740 | D:2      | Noticed Sigmund
   851 | D:2      | Found an iron altar of Okawaru.
  1095 | D:2      | Reached skill level 4 in Axes
  1226 | D:2      | Killed Sigmund
  1227 | D:2      | Reached XP level 3. HP: 35/35 MP: 2/2
  1227 | D:2      | Reached XP level 4. HP: 41/41 MP: 3/3
  1227 | D:2      | Reached XP level 5. HP: 47/47 MP: 4/4
  1965 | D:3      | Found an ornate altar of the Wu Jian Council.
  2265 | D:3      | Reached ** piety under Trog
  2418 | D:3      | Reached skill level 5 in Axes
  2782 | D:4      | Found a staircase to the Ecumenical Temple.
  2798 | D:4      | Reached skill level 5 in Fighting
  2803 | D:4      | Reached XP level 6. HP: 37/56 MP: 5/5
  3097 | D:4      | Noticed an orc warrior
  3106 | D:4      | Killed an orc warrior
  3724 | D:4      | Found a burning altar of Makhleb.
  3808 | D:5      | Entered Level 5 of the Dungeon
  4034 | D:5      | Reached skill level 6 in Axes
  4269 | D:5      | Found a hide-covered altar of Uskayaw.
  4274 | D:5      | Identified the +11 mace "Embalmer" {spect, Drain rPois rC++
                  | Will+}
  4598 | D:6      | Noticed a steam dragon
  4603 | D:6      | Killed a steam dragon
  4604 | D:6      | Reached skill level 5 in Armour
  4604 | D:6      | Reached XP level 7. HP: 62/62 MP: 6/6
  4916 | D:6      | Noticed Menkaure
  4922 | D:6      | Killed Menkaure
  4923 | D:6      | Reached skill level 7 in Axes
  5016 | D:6      | Reached skill level 5 in Dodging
  5048 | D:6      | Found Idinet's Antique Weapon Boutique.
  5130 | D:6      | Reached XP level 8. HP: 68/70 MP: 7/7
  5276 | D:6      | Reached *** piety under Trog
  5316 | D:6      | Found a white marble altar of Elyvilon.
  5316 | D:6      | Found a sparkling altar of Nemelex Xobeh.
  5382 | D:7      | Reached skill level 1 in Evocations
  5439 | D:7      | Reached skill level 8 in Axes
  5584 | D:7      | Noticed a two-headed ogre
  5585 | D:7      | Noticed a troll
  5593 | D:7      | Killed a two-headed ogre
  5594 | D:7      | Reached skill level 9 in Axes
  5594 | D:7      | Reached XP level 9. HP: 75/79 MP: 8/8
  5597 | D:7      | Killed a troll
  5769 | D:7      | Reached skill level 10 in Axes
  5884 | D:7      | Paralysed by a hornet for 2 turns
  6485 | D:7      | Noticed a troll
  6496 | D:7      | Noticed a manticore
  6498 | D:7      | Identified the +6 dagger of Hospitality {holy, Int+2}
  6498 | D:7      | Noticed a gargoyle
  6499 | D:7      | Noticed a manticore
  6502 | D:7      | Killed an unseen horror
  6504 | D:7      | HP: 4/82 [manticore (3)]
  6505 | D:7      | Slain by a troll

Illustrated notes

Levels and vault maps discovered:
D:1:      amcnicky_arrival_choice, layout_basic, serial_shops, shop,
          hangedman_glass_teeth
D:2:      layout_basic, basic_altar, uniq_sigmund
D:3:      layout_basic, mainiacjoe_overflow_alcove_4, minmay_misc_feat_room,
          chequers_mini_garden
D:4:      layout_basic, lemuel_coloured_pillars_altar, minmay_temple_entry_mist
D:5:      layout_basic, eat_drink_and_be_merry_uskayaw
D:6:      minmay_general_purpose_star, layout_rooms,
          gammafunk_temple_overflow_statue, serial_shops,
          nicolae_shop_hallway_stairs, uniq_menkaure
D:7:      minmay_the_grid_octo_2x2 [minmay_the_grid_octo_odd_swirl,
          minmay_the_grid_octo_pinwheel, minmay_the_grid_octo_clover,
          minmay_the_grid_octo_prize_ultimate_mussel_roller], layout_loops_ring,
          chequers_serial_rivers_large_a, nicolae_figureground_pulse

Skill      XL: |  1  2  3  4  5  6  7  8  9 |
---------------+----------------------------+-----
Fighting       | 4 5 6 7 8 |  8.6
Axes           | 4 5 6 7 9 10 | 10.7
Armour         | 3 4 5 6 7 |  7.8
Dodging        | 3 4 5 6 7 |  7.1
Evocations     | 2 3 |  3.8

Action                   |  1- 3 |  4- 6 |  7- 9 || total
-------------------------+-------+-------+-------++-------
Melee: Hand axe          |    45 |    31 |       ||    76
       Headbutt          |     2 |    21 |    24 ||    47
       War axe           |       |    88 |   167 ||   255
       Punch             |       |     2 |     2 ||     4
Invok: Berserk           |     1 |     2 |     4 ||     7
       Trog's Hand       |       |     2 |     7 ||     9
  Use: Scroll            |       |    11 |     4 ||    15
       Potion            |       |     6 |       ||     6
 Stab: Sleeping          |     1 |       |       ||     1
Armor: Animal skin       |    13 |     2 |       ||    15
       Plate armour      |       |    51 |   106 ||   157
Dodge: Dodged            |    23 |    49 |    78 ||   150
